 Dungeon Crawl Stone Soup version 0.16.2-3-ga078185 (webtiles) character file.

164 gorblad the Sneak (level 5, -1/39 HPs)
             Began as a Demonspawn Assassin on Sept 6, 2015.
             Slain by an orc (4 damage)
             ... on level 4 of the Dungeon.
             The game lasted 00:12:20 (2757 turns).

gorblad the Sneak (Demonspawn Assassin)             Turns: 2757, Time: 00:12:21

Health: -1/39      AC:  6    Str: 12    XL:     5   Next: 21%
Magic:  5/5        EV: 12    Int: 12    God:
Gold:   169        SH:  0    Dex: 15    Spells: 0 memorised, 4 levels left

rFire  . . .     SeeInvis .     t - +2 scythe (slice)
rCold  . . .     Clarity  .     o - +2 leather armour
rNeg   . . .     SustAb   .     (no shield)
rPois  .         Gourm    .     (helmet restricted)
rElec  .         Spirit   .     d - +0 cloak
rCorr  .         Warding  .     (no gloves)
rMut   .         Stasis   +     (no boots)
MR     .....                    h - amulet of stasis
Stlth  +++.......               (no ring)
                                (no ring)

@: not resistant to hostile enchantments, fairly stealthy
A: claws 1, horns 1
a: no special abilities


You were on level 4 of the Dungeon.
You were hungry.

You visited 1 branch of the dungeon, and saw 4 of its levels.

You collected 169 gold pieces.

Inventory:

Hand weapons
 a - a +2 dagger
 b - a +0 blowgun
 t - a +2 scythe of slicing (weapon)
Missiles
 e - 22 poisoned needles
 f - 2 curare-tipped needles
Armour
 c - a +0 robe
 d - a +0 cloak (worn)
 o - a +2 leather armour (worn)
Jewellery
 h - an amulet of stasis (around neck)
Magical devices
 r - a wand of magic darts (38)
Scrolls
 l - 3 scrolls of identify
Potions
 i - 3 potions of mutation
 n - a potion of haste
 w - a potion of might {unknown}
 x - a potion of magic {unknown}
Comestibles
 g - a bread ration
 j - a royal jelly
 p - a meat ration
 q - 5 fruits
 u - 2 beef jerkies


   Skills:
 + Level 2.5 Fighting
 + Level 2.7 Short Blades
 + Level 1.7 Throwing
 + Level 1.3 Armour
 + Level 2.4 Dodging
 + Level 4.5 Stealth


You had 4 spell levels left.
You didn't know any spells.

Dungeon Overview and Level Annotations

Branches:
Dungeon (4/15)
 Temple: D:4-7

Altars:
Dithmenos
Okawaru
Ru
Sif Muna
Zin
The Shining One


Innate Abilities, Weirdness & Mutations

You have sharp fingernails.
You have a pair of small horns on your head.


Message History

It was a potion of heal wounds.
You feel much better.
The quokka bites you but does no damage.
The orc hits you with a hand axe. The quokka bites you.
You hit the orc.
You kill the orc!
The orc priest mumbles some strange prayers to Beogh against you.
Something smites you!
* * * LOW HITPOINT WARNING * * *
The quokka closely misses you. x2
The orc hits you.
* * * LOW HITPOINT WARNING * * *
You closely miss the quokka. Your headbutt misses the quokka.
You are feeling hungry.
The quokka misses you. The orc misses you.
The orc priest glows brightly for a moment.
The quokka misses you. The orc closely misses you.
You closely miss the quokka. The quokka completely misses you.
The orc hits you but does no damage. The quokka barely misses you.
The orc hits you.
You die...

.?...........##
.
.........##[..#
.# ..._.$.#
##..# .#
.......[##...#
..
.../.........#
#.
#.....##.!...#
#.
##..#..###..###
#r##o.# #..##..#
#.@oo.###......#
#####..#.......#
#......#####
##.....# #######


You could see an orc priest, 2 orcs and a quokka.

Vanquished Creatures
  Sigmund (D:3)
  3 adders
  An ooze (D:3)
  3 orcs
  6 bats
  4 giant cockroaches
  2 goblins
  9 hobgoblins
  4 jackals (D:3)
  5 kobolds
  A quokka (D:3)
  2 ball pythons
  4 giant geckos
  4 giant newts
  6 rats
  A plant (D:1)
56 creatures vanquished.

Notes
Turn   | Place    | Note
--------------------------------------------------------------
     0 | D:1      | gorblad, the Demonspawn Assassin, began the quest for the Orb.
     0 | D:1      | Reached XP level 1. HP: 16/16 MP: 1/1
   159 | D:1      | Reached skill level 1 in Dodging
   411 | D:1      | Gained mutation: You have a pair of small horns on your head. [demonic ancestry]
   411 | D:1      | Reached XP level 2. HP: 16/22 MP: 2/2
   895 | D:2      | Reached skill level 4 in Stealth
  1254 | D:2      | Found a deep blue altar of Sif Muna.
  1295 | D:2      | Gained mutation: You have sharp fingernails. [demonic ancestry]
  1295 | D:2      | Reached XP level 3. HP: 27/27 MP: 3/3
  1376 | D:2      | Found a glowing golden altar of the Shining One.
  1382 | D:2      | Found a sacrificial altar of Ru.
  1383 | D:2      | Found a glowing silver altar of Zin.
  1384 | D:2      | Found an iron altar of Okawaru.
  1851 | D:3      | Reached XP level 4. HP: 22/33 MP: 4/4
  2482 | D:3      | Noticed Sigmund
  2488 | D:3      | Killed Sigmund
  2488 | D:3      | Reached skill level 1 in Armour
  2488 | D:3      | Reached XP level 5. HP: 21/39 MP: 5/5
  2732 | D:4      | Found a shadowy altar of Dithmenos.
  2757 | D:4      | Slain by an orc

Action                   |  1- 3 |  4- 6 || total
-------------------------+-------+-------++-------
Melee: Dagger            |   246 |    42 ||   288
       Scythe            |       |     9 ||     9
  Use: Scroll            |     8 |     2 ||    10
       Potion            |       |     3 ||     3
 Stab: Sleeping          |     4 |     4 ||     8
  Eat: Fruit             |     1 |     1 ||     2
       Chunk             |     2 |     2 ||     4
